 Dungeon Crawl Stone Soup version 0.30-a0-696-g2367cd04db (webtiles) character file.

Game seed: 13105078989120143163

149 Mesmaeker13 the Insei (level 5, -2/35 HPs)
             Began as an Octopode Transmuter on Jan 20, 2023.
             Killed by divine providence
             ... invoked by an orc priest
              (11 damage)
             ... on level 4 of the Dungeon.
             The game lasted 00:06:04 (2998 turns).

Mesmaeker13 the Insei (Octopode Transmuter)         Turns: 2998, Time: 00:06:05

Health: -2/35      AC:  2    Str: 10    XL:     5   Next: 31%
Magic:  6/8        EV: 19    Int: 17    God:
Gold:   232        SH:  0    Dex: 17    Spells: 2/8 levels left

rFire   + . .      SeeInvis .      - Unarmed
rCold   x . .      Faith    .    (shield currently unavailable)
rNeg    . . .      Spirit   .    (helmet currently unavailable)
rPois   x          Reflect  .    (no amulet)
rElec   .          Harm     .    u - ring of willpower
rCorr   .          Rampage  .    r - ring of fire
Will    +....                    (no ring)
Stlth   ++                       (no ring)
HPRegen 0.25/turn                (no ring)
MPRegen 0.11/turn                (no ring)
                                 (no ring)
                                 (no ring)

@: spider-form (expiring)
A: venomous fangs, almost no armour, (amphibious), 8 rings, tiny, (camouflage
1), (gelatinous body 1), (nimble swimmer 1), (tentacles)
a: End Transformation


You were on level 4 of the Dungeon.
You were a venomous arachnid creature.
You visited 1 branch of the dungeon, and saw 4 of its levels.

You collected 232 gold pieces.

Inventory:

Hand Weapons
 c - a +0 dagger of flaming
 k - a +0 trident
 n - a +0 spear
 v - a +1 dagger of venom
Missiles
 s - 5 poisoned darts (quivered)
Jewellery
 r - a ring of fire (right front pincers)
 u - a ring of willpower (left front pincers)
Scrolls
 h - a scroll of immolation
 i - a scroll of butterflies {unknown}
 j - a scroll of magic mapping
 o - 2 scrolls of teleportation {unknown}
 p - a scroll of identify
 t - a scroll of blinking {unknown}
Potions
 a - a potion of lignification
 b - a potion of resistance {unknown}
 d - a potion of attraction {unknown}
 e - 3 potions of flight
 f - a potion of magic {unknown}
 g - 2 potions of curing {unknown}
 l - a potion of cancellation {unknown}
 m - a potion of might {unknown}
 q - 2 potions of mutation {unknown}


   Skills:
 + Level 2.7 Fighting
 - Level 2.0 Dodging
 + Level 4.0 Unarmed Combat
 - Level 2.0 Spellcasting
 + Level 3.2 Transmutations
 + Level 1.6 Poison Magic


You had 2 spell levels left.
You knew the following spells:

 Your Spells              Type           Power      Damage    Failure   Level
a - Beastly Appendage     Tmut           24%        N/A       14%         1
b - Wereblood             Tmut           12%        N/A       21%         2
c - Spider Form           Tmut/Pois      10%        N/A       43%         3

Your spell library contained the following spells:

 Spells                   Type           Power      Damage    Failure   Level
 Kiss of Death            Conj/Necr      4%         2d5       38%         1
 Poisonous Vapours        Pois/Air       8%         N/A       43%         2
 Cigotuvi's Dreadful Rot  Necr/Pois/Air  6%         N/A       45%         2
 Lesser Beckoning         Tloc           2%         N/A       50%         2
 Mephitic Cloud           Conj/Pois/Air  3%         N/A       65%         3
 Confusing Touch          Hex            1%         N/A       71%         3
 Gell's Gravitas          Tloc           1%         N/A       71%         3
 Teleport Other           Tloc           1%         N/A       71%         3
 Ice Form                 Ice/Tmut       7%         N/A       86%         4
 Dispel Undead            Necr           1%         3d6       96%         4


Dungeon Overview and Level Annotations

Branches:
Dungeon (4/15)
 Temple: D:4-7

Altars:
Dithmenos

Shops:
D:1 =

Annotations:
D:3 1 exclusion


Innate Abilities, Weirdness & Mutations

You are a venomous arachnid creature.
You have venomous fangs.
You are tiny and dextrous.
Your spellcasting is less reliable in this form.
Your armour is entirely melded.
You are incapable of wielding weapons or throwing items.
You cannot wear most types of armour.
((You are amphibious.))
You can wear up to eight rings at the same time.
((Your skin changes colour to match your surroundings (Stealth+).))
((Your rubbery body absorbs attacks. (AC +1, EV +1)))
((You are camouflaged when in or above water. (Stealth+)))
((You have tentacles for arms and can constrict up to eight enemies at once.))


Message History

Your primal bloodlust is almost over.
You start waiting.
An orc priest comes into view. It is wielding a +0 dagger.
Your primal bloodlust has ended.
An orc wizard comes into view. It is wielding a +0 dagger.
The orc wizard moves out of view.
Casting: Wereblood (safe; 8% risk of failure)
Confirm with . or Enter, or press ? or * to list all spells.
The spell is quite dangerous to miscast (22% risk of failure)!
Continue anyway?
You turn into a venomous arachnid creature.
The orc priest shouts!
You hear a bark!
The orc priest shouts! x2; You hear a shout!
You hear a bark!
The orc priest invokes the aid of Beogh against you.
Beogh smites you!
The orc priest begins to cast a cantrip, but forgets the words!
You barely miss the orc priest. The orc priest closely misses you.
As you read the scroll labelled MURATE SUGOTOY, it crumbles to dust.
You feel aware of your surroundings.
You sensed 1 altar, and 1 shop/portal.
It was a scroll of magic mapping.
The orc priest invokes the aid of Beogh against you.
Beogh smites you!
* * * LOW HITPOINT WARNING * * *
The orc priest barely misses you.
As you read the scroll labelled FAOWANN GAINI, it crumbles to dust.
The creatures around you are filled with an inner flame!
It was a scroll of immolation.
Your transformation is almost over.
The orc priest barely misses you.
As you read the scroll labelled ZINUHI OQ ADGHE, it crumbles to dust.
It is a scroll of identify.
e - 3 potions of flight The orc priest closely misses you.
The orc priest misses you.
The orc priest attacks as you move away!
The orc priest hits you with a +0 short sword.
* * * LOW HITPOINT WARNING * * *
The orc priest attacks as you move away!
The orc priest closely misses you.
The orc priest invokes the aid of Beogh against you.
Beogh smites you!
You die...

# ################
.........#8#...##
..........#....[##
..............oo.##
....#........o.#s.##
...##..).......##..##
....................#
......$.............#
........####........#
#......## ##h....).#
8#.....# #......##
*,,,..,* #.....#8#
,,,,,,,** ##......##


You could see 2 orc priests.

Vanquished Creatures
  A hound (D:4)
  An orc wizard (D:4)
  2 adders
  A worm (D:2)
  A dart slug (D:3)
  8 orcs
  4 ball pythons
  8 endoplasms
  4 giant cockroaches
  4 hobgoblins
  4 jackals (D:1)
  3 quokkas
  2 bats
  A frilled lizard (D:2)
  4 goblins
  4 kobolds
  4 rats
56 creatures vanquished.

Notes
Turn   | Place    | Note
-------+----------+-------------------------------------------
     0 | D:1      | Mesmaeker13 the Octopode Transmuter began the quest for the
                  | Orb.
     0 | D:1      | Reached XP level 1. HP: 13/13 MP: 3/3
   234 | D:1      | Reached XP level 2. HP: 11/18 MP: 3/5
   407 | D:1      | Learned a level 2 spell: Wereblood
   581 | D:1      | Found Ugatuili's Jewellery Emporium.
   867 | D:2      | Reached XP level 3. HP: 23/24 MP: 2/6
  1504 | D:2      | Found a shadowy altar of Dithmenos.
  1831 | D:3      | Learned a level 3 spell: Spider Form
  1929 | D:3      | Reached XP level 4. HP: 25/29 MP: 5/7
  2292 | D:4      | Reached skill level 1 in Poison Magic
  2756 | D:4      | Noticed a scorpion
  2872 | D:4      | Reached XP level 5. HP: 35/35 MP: 8/8
  2934 | D:4      | Reached skill level 4 in Unarmed Combat
  2998 | D:4      | Killed from afar by an orc priest

Illustrated notes

Levels and vault maps discovered:
D:1:      ncdulo_halloftheorcs, layout_basic, serial_shops, nicolae_shop_stone,
          st_stairs_5
D:2:      layout_basic, basic_altar, minmay_heptomino_h4
D:3:      layout_basic
D:4:      layout_layer_cave, marbit_many_paths, serial_shops,
          nicolae_lakefront_shop, kennysheep_decorative_pillar

Skill      XL: |  1  2  3  4  5 |
---------------+----------------+-----
Fighting       | 2 |  2.7
Transmutations | 3 |  3.2
Poison Magic   | 1 |  1.6
Unarmed Combat | 4 |  4.0
Dodging        | |  2.0
Spellcasting   | |  2.0

Action                   |  1- 3 |  4- 6 || total
-------------------------+-------+-------++-------
Melee: Unarmed           |    81 |    44 ||   125
       Kick              |    27 |     9 ||    36
       Constrict         |    20 |     5 ||    25
       Tentacles         |    16 |     5 ||    21
       Punch             |     2 |       ||     2
Throw: Dart              |     2 |     9 ||    11
 Cast: Beastly Appendage |    26 |    12 ||    38
       Wereblood         |     3 |     2 ||     5
       Spider Form       |       |     4 ||     4
  Use: Scroll            |       |     3 ||     3
 Stab: Sleeping          |     8 |       ||     8
Armor: Skin              |     5 |     2 ||     7
Dodge: Dodged            |    34 |    41 ||    75

Table legend: (Time is in decaauts)
 A = Elapsed time spent in this place.
 B = Non-inter-level travel time spent in this place.
 C = Inter-level travel time spent in this place.
 D = Time resting spent in this place.
 E = Time spent auto-exploring this place.
 F = Levels seen in this place.
 G = Mean time per level.
                   A        B        C        D        E       F      G
               +--------+--------+--------+--------+--------+-----+--------+
         Total |   2991 |   2837 |    154 |    587 |   1553 |   4 |  747.8 |
       Dungeon |   2991 |   2837 |    154 |    587 |   1553 |   4 |  747.8 |
               +--------+--------+--------+--------+--------+-----+--------+

Top non-repeatable levels by time:
     D:1: 857 daAuts
     D:2: 812 daAuts
     D:3: 739 daAuts
     D:4: 581 daAuts
